 Dungeon Crawl Stone Soup version 0.31-a0-818-ge7c7cf74f0 (webtiles) character file.

Game seed: 4386404988127248702

30 Essalna the Digger (level 3, 24/24 HPs)
             Began as a Demonspawn Earth Elementalist on Sept 23, 2023.
             Got out of the dungeon alive.
             The game lasted 00:01:31 (893 turns).

Essalna the Digger (Demonspawn Earth Elementalist)   Turns: 893, Time: 00:01:32

Health: 24/24      AC:  2    Str:  8    XL:     3   Next: 3%
Magic:  7/7        EV: 12    Int: 20    God:
Gold:   51         SH:  0    Dex: 13    Spells: 6/7 levels left

rFire   + . .        d - +0 rapier
rCold   . . .        (no shield)
rNeg    . . .        a - +0 robe
rPois   .            (no helmet)
rElec   .            (no cloak)
rCorr   .            (no gloves)
SInv    .            (no boots)
Will    .....        (no amulet)
Stlth   ++           f - ring of protection from fire
HPRegen 0.24/turn    (no ring)
MPRegen 0.10/turn

%: no passive effects
@: no status effects
A: big brain 1, weakness stinger 1
a: no special abilities


You escaped.
You visited 1 branch of the dungeon, and saw 2 of its levels.

You collected 51 gold pieces.

Inventory:

Hand Weapons
 d - a +0 rapier (weapon)
Armour
 a - a +0 robe (worn)
Jewellery
 f - a ring of protection from fire (left hand)
Scrolls
 i - a scroll of identify {unknown}
Potions
 b - a potion of magic
 c - 2 potions of curing {unknown}
 e - a potion of haste {unknown}
 g - a potion of cancellation {unknown}
 h - a potion of mutation {unknown}
 j - a potion of might {unknown}


   Skills:
 - Level 1.7 Dodging
 - Level 1.7 Stealth
 + Level 2.7 Spellcasting
 - Level 0.8 Transmutations
 + Level 3.3 Earth Magic


You had 6 spell levels left.
You knew the following spells:

 Your Spells              Type           Power      Damage    Failure   Level
a - Sandblast             Erth           32%        2d9       3%          1

Your spell library contained the following spells:

 Spells                   Type           Power      Damage    Failure   Level
 Passwall                 Tmut/Erth      9%         N/A       10%         2
 Stone Arrow              Conj/Erth      18%        3d8       22%         3
 Petrify                  Tmut/Erth      11%        N/A       52%         4
 Brom's Barrelling Bould  Conj/Erth      9%         2d3       58%         4


Dungeon Overview and Level Annotations

Branches:
Dungeon (2/15)

Altars:

Annotations:
D:2 Terence


Innate Abilities, Weirdness & Mutations

You have an unusually large brain. (Int +2)
You have a small tail.


Message History

A bat comes into view.
You miss the bat. You tail-slap the bat.
The bat is moderately wounded.
The bat hits you. The bat misses you.
You completely miss the bat.
The bat is moderately wounded.
The bat misses you. The bat hits you but does no damage.
You barely miss the bat. The bat hits you but does no damage.
The bat barely misses you.
You barely miss the bat. The bat closely misses you. x2
You completely miss the bat. The bat closely misses you. x2
The bat hits you but does no damage.
You barely miss the bat. The bat misses you. The bat closely misses you.
You miss the bat. The bat hits you. The bat hits you but does no damage.
You closely miss the bat.
You tail-slap the bat, but do no damage.
The bat completely misses you. The bat closely misses you.
You closely miss the bat.
Your tail-slap misses the bat.
The bat hits you but does no damage. x2; The bat closely misses you.
You hit the bat.
You kill the bat!
No target in view!
No target in view!
No target in view!
No target in view!
No target in view!
No target in view!
No target in view!
No target in view!
No target in view!
No target in view!
No target in view!
No target in view!
There is a stone staircase leading up here.
You climb upwards.
There is a stone staircase leading down here.
You see here a +0 dagger.
There is a staircase leading out of the dungeon here.
You have escaped!

#.####### #.# #.#
#.# #.# #.#
#####.#
......######## ###
.......>..#>.###@#
.......#..#.....##
.#..#....##......#
.........##....###
......#..###....#
.........##.#...#
..........##....#
......#...##....##
........#.#......#


There were no monsters in sight!

Vanquished Creatures
  A dart slug (D:1)
  2 ball pythons (D:1)
  5 bats
  3 endoplasms
  A giant cockroach (D:1)
  3 goblins (D:1)
  4 hobgoblins
  2 kobolds
  2 quokkas (D:1)
  A frilled lizard (D:1)
24 creatures vanquished.

Notes
Turn   | Place    | Note
-------+----------+-------------------------------------------
     0 | D:1      | Essalna the Demonspawn Earth Elementalist began the quest
                  | for the Orb.
     0 | D:1      | Reached XP level 1. HP: 13/13 MP: 3/3
   154 | D:1      | Reached skill level 3 in Earth Magic
   154 | D:1      | Gained mutation: You have an unusually large brain. (Int
                  | +2) [demonic ancestry]
   154 | D:1      | Reached XP level 2. HP: 19/19 MP: 0/5
   602 | D:1      | You fall into a shaft and drop 1 floor!
   674 | D:2      | Noticed Terence
   808 | D:2      | Gained mutation: You have a small tail. [demonic ancestry]
   808 | D:2      | Reached XP level 3. HP: 24/24 MP: 5/7
   893 | D:$      | Got out of the dungeon alive.

Illustrated notes

Levels and vault maps discovered:
D:1:      minmay_arrival_jagged, layout_loops_ring, minmay_misc_feat_plants,
          roderic_lattice_a, hex_medium
D:2:      layout_loops_ring, basic_altar, minmay_misc_feat_doors, uniq_terence

Skill      XL: |  1 |
---------------+----+-----
Earth Magic    | 3 |  3.3
Dodging        | |  1.7
Stealth        | |  1.7
Spellcasting   | |  2.7
Transmutations | |  0.8

Action                     || total
---------------------------++-------
  Melee: Rapier            ||    15
         Tailslap          ||     2
   Cast: Sandblast         ||    33
    Use: Scroll            ||     1
 Armour: Robe              ||    14
  Dodge: Dodged            ||    23

Table legend: (Time is in decaauts)
 A = Elapsed time spent in this place.
 B = Non-inter-level travel time spent in this place.
 C = Inter-level travel time spent in this place.
 D = Time resting spent in this place.
 E = Time spent auto-exploring this place.
 F = Levels seen in this place.
 G = Mean time per level.
                   A        B        C        D        E       F      G
               +--------+--------+--------+--------+--------+-----+--------+
         Total |    911 |    880 |     31 |      0 |    709 |   2 |  455.5 |
       Dungeon |    911 |    880 |     31 |      0 |    709 |   2 |  455.5 |
               +--------+--------+--------+--------+--------+-----+--------+

Top non-repeatable levels by time:
     D:1: 639 daAuts
     D:2: 272 daAuts
